 Dungeon Crawl Stone Soup version 0.21-a0-143-g1ab7d47 (webtiles) character file.

86 Lianjan the Chopper (level 4, 0/36 HPs)
             Began as a Barachi Fighter on July 25, 2017.
             Slain by a hound (4 damage)
             ... on level 3 of the Dungeon.
             The game lasted 00:03:35 (2025 turns).

Lianjan the Chopper (Barachi Fighter)               Turns: 2025, Time: 00:03:35

Health: 0/36       AC:  6    Str: 22    XL:     4   Next: 49%
Magic:  4/4        EV:  7    Int:  9    God:
Gold:   102        SH:  9    Dex: 12    Spells: 3/3 levels left

rFire    . . .     SeeInvis .   a - +0 war axe
rCold    . . .     Gourm    .   c - +0 shield
rNeg     . . .     Faith    .   n - +0 scale mail
rPois    .         Spirit   .   (no helmet)
rElec    .         Reflect  .   (no cloak)
rCorr    .         Harm     .   (no gloves)
MR       .....                  (no boots)
Stlth    ..........             (no amulet)
HPRegen  0.12/turn              (no ring)
MPRegen  0.09/turn              (no ring)

@: mighty, can't hop, slow
A: +LOS, swims, slowness 1, strong legs 1
a: Hop


You were on level 3 of the Dungeon.
You were not hungry.

You visited 1 branch of the dungeon, and saw 3 of its levels.

You collected 102 gold pieces.

Inventory:

Hand Weapons
 a - a +0 war axe (weapon)
 b - a +0 hunting sling
Missiles
 e - 124 stones (quivered)
 t - 16 sling bullets
Armour
 c - a +0 shield (worn)
 n - a +0 scale mail (worn)
Jewellery
 k - an uncursed amulet of harm {unknown}
 u - a cursed ring of teleportation {unknown}
Scrolls
 g - a scroll of teleportation {unknown}
 i - 3 scrolls of identify {unknown}
 l - 2 scrolls of amnesia {unknown}
 o - a scroll of remove curse {unknown}
 s - a scroll of random uselessness {unknown}
Potions
 j - a potion of mutation {unknown}
 m - 2 potions of magic {unknown}
 q - 2 potions of flight {unknown}
Comestibles
 f - 3 bread rations
 h - 2 meat rations
 p - 2 royal jellies


   Skills:
 - Level 3.6 Fighting
 * Level 4.5 Axes
 - Level 3.6 Armour
 + Level 3.9 Shields


You had 3 spell levels left.
You didn't know any spells.

Dungeon Overview and Level Annotations

Branches:
Dungeon (3/15)

Altars:
Hepliaklqana
Makhleb
Uskayaw


Innate Abilities, Weirdness & Mutations

Shadows flee at your approach. (+LOS)
You can swim through water.
You cover ground slowly.
You can hop short distances.


Message History

All of the chunks of flesh in your inventory have rotted away.
Hop to where?
Press: ? - help, Dir - move target cursor Boing!
You hit the hound.
The hound is severely wounded.
You block the hound's attack. The hound bites you.
* * * LOW HITPOINT WARNING * * *
You closely miss the hound.
The hound is severely wounded.
The hound bites you.
* * * LOW HITPOINT WARNING * * *
The hound bites you but does no damage. You block the hound's attack.
You closely miss the hound.
The hound is severely wounded.
The hound bites you but does no damage. The hound barely misses you.
You miss the hound.
The hound is severely wounded.
The hound bites you.
You die...

##.#.#..# .....#... .
......##. ## #.#...... #..
......# #.# .. > #...#
#.##.##.# #..<# #.##....#
#...#####.##.##.###
#.@h......#.....#..
.#######...w####.......#..
....................##.# .
....................#..###
.........................P
...#####>........#..#.#...
## #...#####.#....)..#
#..... #.........# ##...##
####.######


You could see a worm and a hound.

Vanquished Creatures
  A hound (D:3)
  An adder (D:2)
  A gnoll (D:3)
  2 worms (D:2)
  A dart slug (D:1)
  A bat (D:2)
  3 giant cockroaches (D:1)
  A goblin (D:1)
  5 hobgoblins
  2 jackals (D:1)
  2 kobolds
  A quokka (D:2)
  2 frilled lizards
  7 rats
30 creatures vanquished.

Notes
Turn   | Place    | Note
-------+----------+-------------------------------------------
     0 | D:1      | Lianjan the Barachi Fighter began the quest for the Orb.
     0 | D:1      | Reached XP level 1. HP: 18/18 MP: 1/1
   315 | D:1      | Reached XP level 2. HP: 24/24 MP: 2/2
   456 | D:1      | Reached skill level 3 in Axes
   843 | D:2      | Reached XP level 3. HP: 29/29 MP: 3/3
   857 | D:2      | Found a hide-covered altar of Uskayaw.
  1650 | D:2      | Found a hazy altar of Hepliaklqana.
  1797 | D:2      | Found a burning altar of Makhleb.
  1818 | D:2      | Reached skill level 4 in Axes
  2007 | D:3      | Reached XP level 4. HP: 17/36 MP: 4/4
  2025 | D:3      | Slain by a hound

Vault maps used:
D:1:      saegor_arrival_simple_f
D:2:      nicolae_overflow_crystal_walls, eat_drink_and_be_merry_uskayaw,
          lightli_temple_of_fire, first_bread
D:3:      old_standard_altar, cheibrodos_gnoll_hut

Skill      XL: |  1  2  3 |
---------------+----------+-----
Axes           | 3 4 |  4.5
Fighting       | |  3.6
Armour         | |  3.6
Shields        | |  3.9

Action                   |  1- 3 |  4- 6 || total
-------------------------+-------+-------++-------
Melee: War axe           |   108 |     8 ||   116
 Fire: Hunting sling     |    14 |       ||    14
 Abil: Hop               |       |     1 ||     1
  Use: Potion            |     1 |       ||     1
  Eat: Chunk             |     4 |       ||     4
Armor: Scale mail        |    38 |     8 ||    46
Dodge: Dodged            |    42 |     3 ||    45
Block: Shield            |    48 |     5 ||    53
